 Dungeon Crawl Stone Soup version 0.29-a0-321-gf1c400731a (webtiles) character file.

Game seed: 4907162063237618488

15971 Murumi the Fighter (level 12, -3/92 HPs)
             Began as a Demonspawn Monk on Apr 5, 2022.
             Was a High Priest of Okawaru.
             Slain by a boulder beetle (21 damage)
             ... on level 11 of the Dungeon.
             The game lasted 00:49:08 (16453 turns).

Murumi the Fighter (Demonspawn Monk)               Turns: 16453, Time: 00:49:08

Health: -3/92      AC: 27    Str: 13    XL:     12   Next: 5%
Magic:  17/17      EV: 15    Int: 14    God:    Okawaru [*****.]
Gold:   615        SH: 13    Dex: 20    Spells: 11/11 levels left

rFire   + + .      SeeInvis .   a - +5 scimitar (flame)
rCold   . . .      Faith    +   F - +1 kite shield
rNeg    . . .      Spirit   .   d - +0 scale mail
rPois   .          Reflect  .   J - +0 helmet {Int+3}
rElec   .          Harm     .   r - +2 cloak
rCorr   +          Rampage  .   b - +1 pair of gloves
Will    .....                   (no boots)
Stlth   ++++......              C - amulet "Tovunemu" {Faith rF++ rCorr Str+2}
HPRegen 0.25/turn               g - +4 ring of protection
MPRegen 0.15/turn               k - +4 ring of protection

@: heroic
A: thin metallic scales 2, ignite blood 1, powered by death 1, weakness stinger
2, dopey 1
a: Renounce Religion, Heroism, Finesse, Duel


You were on level 11 of the Dungeon.
You worshipped Okawaru.
Okawaru was extremely pleased with you.
You visited 2 branches of the dungeon, and saw 13 of its levels.
You also visited: Ossuary.

You collected 741 gold pieces.
You spent 126 gold pieces at shops.

Inventory:

Hand Weapons
 a - a +5 scimitar of flaming (weapon)
 f - a +0 hunting sling
 H - a +0 long sword
Armour
 b - a +1 pair of gloves (worn)
 d - a +0 scale mail (worn)
 r - a +2 cloak (worn)
 F - a +1 kite shield (worn)
 J - a +0 helmet of intelligence (worn)
Jewellery
 g - a +4 ring of protection (left hand)
 k - a +4 ring of protection (right hand)
 l - a ring of protection from cold
 m - a ring of ice
 C - the amulet "Tovunemu" (around neck) {Faith rF++ rCorr Str+2}
   (You found it on level 8 of the Dungeon)

   [amulet of faith]

   It allows you to gain divine favour quickly.
   Str:       It affects your strength (+2).
   rF:        It greatly protects you from fire.
   rCorr:     It protects you from acid and corrosion.
 I - a ring of flight
Wands
 n - a wand of acid (15)
 B - a wand of iceblast (12)
 G - a wand of polymorph (8)
Scrolls
 o - a scroll of fear
 q - 5 scrolls of teleportation
 s - 2 scrolls of amnesia
 t - 2 scrolls of fog
 v - 2 scrolls of immolation
 y - a scroll of blinking
Potions
 c - 4 potions of ambrosia
 e - 2 potions of lignification
 h - 2 potions of cancellation
 i - 3 potions of curing
 j - 3 potions of heal wounds
 p - 2 potions of flight {unknown}
 u - a potion of resistance {unknown}
 w - 3 potions of invisibility
 x - a potion of mutation {unknown}
 z - a potion of magic {unknown}
 A - 3 potions of haste
Miscellaneous
 D - a lightning rod (4/4)
 E - a phial of floods
 K - a phial of floods


   Skills:
 - Level 8.0(13.0) Fighting
 - Level 7.0(12.0) Long Blades
 - Level 7.0(12.0) Slings
 - Level 7.0(12.0) Armour
 - Level 7.0(12.0) Dodging
 - Level 8.0(13.0) Stealth
 + Level 3.8(8.8) Shields
 - Level 7.0 Invocations
 - Level 4.0 Evocations


You had 11 spell levels left.
You didn't know any spells.
Your spell library contained the following spells:

 Spells                   Type           Power      Damage    Failure   Level
 Pain                     Necr           0%         1d4       92%         1
 Ignite Poison            Fire/Tmut/Pois 0%         N/A       100%        3
 Mephitic Cloud           Conj/Pois/Air  0%         N/A       100%        3
 Agony                    Necr           0%         N/A       100%        5
 Excruciating Wounds      Necr           0%         N/A       100%        5
 Fireball                 Conj/Fire      0%         3d3       100%        5
 Freezing Cloud           Conj/Ice/Air   0%         6-21      100%        5
 Iskenderun's Battlesphe  Conj           0%         2d6       100%        5
 Conjure Ball Lightning   Conj/Air       0%         3x3d6     100%        6
 Orb of Destruction       Conj           0%         9d5       100%        7
 Storm Form               Tmut/Air       0%         N/A       100%        7
 Borgnjor's Revivificati  Necr           0%         N/A       100%        8
 Maxwell's Capacitive Co  Air            0%         ∞         100%        8
 Necromutation            Tmut/Necr      0%         N/A       100%        8
 Death's Door             Necr           0%         N/A       100%        9
 Summon Lightning Spire   Summ/Air       Unusable   N/A       N/A         4

Dungeon Overview and Level Annotations

Branches:
Dungeon (12/15)            Temple (1/1) D:7            Lair (0/6) D:10
    Orc (0/2) D:11        Ossuary (visited)

Altars:
Ashenzari
Cheibriados
Dithmenos
Elyvilon
Fedhas
Gozag
Hepliaklqana
Kikubaaqudgha
Makhleb
Nemelex Xobeh
Okawaru
Qazlal
Ru
Sif Muna
Trog
Uskayaw
Vehumet
Wu Jian
Xom
Yredelemnul
Zin
The Shining One

Shops:
D:1 (   D:2 *   D:8 *   D:10 [


Innate Abilities, Weirdness & Mutations

You are mostly covered in thin metallic scales. (AC +3)
Your demonic aura sometimes causes spilled blood to erupt in flames.
You regenerate a little health from kills.
You have a tail ending in a sharp stinger.
You are dopey. (Int -2)


Message History

The sling bullet hits the boulder beetle but does no damage.
The boulder beetle is severely wounded.
The boulder beetle curls into a ball and begins rolling!
You close the door.
You open the door.
The boulder beetle curls into a ball and begins rolling!
You close the door.
You open the door.
The boulder beetle leaps!
You are too injured to fight recklessly!
Unknown command.
Fire: f) +0 hunting sling
Press: ? - help, Q - select action, (/) - cycle Shift-Dir - straight line, f/p - boulder beetle
Aim: a boulder beetle (severely wounded, 92% to hit)
You shoot a sling bullet.
The sling bullet hits the boulder beetle but does no damage.
The boulder beetle is severely wounded.
The boulder beetle curls into a ball and begins rolling!
Fire: f) +0 hunting sling
Press: ? - help, Q - select action, (/) - cycle Shift-Dir - straight line, f/p - boulder beetle
Aim: a boulder beetle (severely wounded, rolling, 92% to hit)
You shoot a sling bullet.
The sling bullet hits the boulder beetle.
The boulder beetle is severely wounded.
Fire: f) +0 hunting sling
Press: ? - help, Q - select action, (/) - cycle Shift-Dir - straight line, f/p - boulder beetle
Aim: a boulder beetle (severely wounded, rolling, 92% to hit)
You shoot a sling bullet.
The sling bullet hits the boulder beetle.
The boulder beetle is severely wounded.
You close the door.
You open the door.
Your +5 scimitar of flaming bursts into flame!
a - a +5 scimitar of flaming (weapon)
The boulder beetle bites you.
* * * LOW HITPOINT WARNING * * *
You hit the boulder beetle but do no damage.
You tail-slap the boulder beetle, but do no damage.
The boulder beetle is severely wounded.
The boulder beetle bites you!!
You die...

##≈≈......#.......+........###
##≈≈≈≈≈....#....##........#..
#####≈≈...#....''........#.#
#####≈≈...#....##........#.#
##≈≈≈≈≈....#....##.#####'##.#
##≈≈......#.#....##.#####.##.#
##≈≈...#####.#.#+###.......##.#
###≈≈...## #.#>#.# ##########.#
##≈≈...≈§## #.#@#.# #.......#.#
##≈...§≈≈§## #.#B#'####.......#.#
##≈..#§≈≈≈§###.......>#)......#.#
##≈.###≈§§≈§##........#.......#.#
≈≈≈.# ##§≈≈≈P#........#.......'.#
≈≈..# ##§§.P#........#.......###
....# ##PP.#........#####'### #
...###########........# #!# #
...............#'#'#### #.# #


You could see a boulder beetle.

Vanquished Creatures
  A hydra (D:11)
  A centaur warrior (D:8)
  4 two-headed ogres
  An ugly thing (D:8)
  5 gargoyles (D:9)
  An unseen horror (D:8)
  An efreet (D:8)
  2 komodo dragons
  A kobold demonologist (D:8)
  3 trolls
  6 polar bears (D:7)
  A wraith (Ossuary)
  A hog (D:7)
  2 wyverns (D:7)
  7 yaks
  4 steam dragons
  An acid dragon (D:8)
  A water moccasin (D:8)
  7 orc warriors
  3 black bears (D:7)
  3 ice beasts
  4 sky beasts
  4 centaurs
  An ogre (D:7)
  4 phantoms
  2 kobold brigands
  3 bullfrogs
  2 gnoll sergeants
  A necrophage (D:4)
  4 scorpions
  8 wights
  8 killer bees
  2 howler monkeys
  7 electric eels (D:10)
  7 hounds
  7 jellies
  7 orc priests
  A gnoll shaman (D:5)
  2 iguanas
  9 orc wizards
  A mummy (Ossuary)
  5 adders
  8 gnolls
  3 white imps
  2 ufetubi
  3 worms
  3 dart slugs
  32 orcs
  5 ball pythons
  6 endoplasms
  A giant cockroach (D:2)
  11 goblins
  5 hobgoblins
  5 jackals (D:1)
  4 quokkas
  2 bats (D:2)
  3 frilled lizards
  6 gnoll skeletons (Ossuary)
  18 kobolds
  5 kobold skeletons (Ossuary)
  14 orc skeletons (Ossuary)
  2 rats
283 creatures vanquished.

Vanquished Creatures (others)
  12 plants
12 creatures vanquished.

Grand Total: 295 creatures vanquished

Notes
Turn   | Place    | Note
-------+----------+-------------------------------------------
     0 | D:1      | Murumi the Demonspawn Monk began the quest for the Orb.
     0 | D:1      | Reached XP level 1. HP: 18/18 MP: 1/1
   388 | D:1      | Gained mutation: Your demonic aura sometimes causes spilled
                  | blood to erupt in flames. [demonic ancestry]
   388 | D:1      | Reached XP level 2. HP: 24/24 MP: 2/2
   393 | D:1      | Found a faded altar of an unknown god.
   666 | D:1      | Reached skill level 1 in Armour
   843 | D:1      | Found Diefi's Weapon Emporium.
  1318 | D:2      | Reached XP level 3. HP: 29/29 MP: 3/3
  1570 | D:2      | Found Timmosod's General Store.
  2508 | D:3      | Reached XP level 4. HP: 23/35 MP: 4/4
  3043 | D:4      | Noticed a necrophage
  3107 | D:4      | Noticed a phantom
  3118 | D:4      | Killed a phantom
  3119 | D:4      | Gained mutation: You regenerate a little health from kills.
                  | [demonic ancestry]
  3119 | D:4      | Reached XP level 5. HP: 29/42 MP: 5/5
  3705 | D:4      | Reached XP level 6. HP: 43/48 MP: 6/6
  4393 | D:5      | Entered Level 5 of the Dungeon
  4691 | D:5      | Gained mutation: You have a small tail. [demonic ancestry]
  4691 | D:5      | Reached XP level 7. HP: 4/50 MP: 7/7
  5009 | D:5      | Identified the +2 leather armour of Vowuk {rF++ rN+}
  5127 | D:5      | Reached skill level 5 in Fighting
  5146 | D:5      | Reached skill level 5 in Stealth
  5291 | D:5      | Reached XP level 8. HP: 62/62 MP: 8/8
  5629 | D:5      | Found a shimmering blue altar of Sif Muna.
  5630 | D:5      | Found a hazy altar of Hepliaklqana.
  5632 | D:5      | Found a broken altar of Ashenzari.
  5863 | D:5      | Reached skill level 5 in Long Blades
  5888 | D:6      | Reached skill level 1 in Evocations
  6422 | D:6      | Reached skill level 5 in Armour
  6619 | D:6      | Reached skill level 5 in Dodging
  7265 | D:7      | Gained mutation: You are partially covered in thin metallic
                  | scales. (AC +2) [demonic ancestry]
  7265 | D:7      | Reached XP level 9. HP: 43/69 MP: 9/9
  7666 | D:7      | Found a huge runed translucent gate.
  7666 | D:7      | Found a huge runed translucent gate.
  7666 | D:7      | Found a huge runed translucent gate.
  7666 | D:7      | Found a huge runed translucent gate.
  7666 | D:7      | Noticed a polar bear
  7666 | D:7      | Noticed a polar bear
  7666 | D:7      | Noticed a polar bear
  7666 | D:7      | Noticed a polar bear
  7668 | D:7      | Noticed a polar bear
  7668 | D:7      | Noticed a polar bear
  7692 | D:7      | Found a staircase to the Ecumenical Temple.
  7704 | Temple   | Entered the Ecumenical Temple
  8015 | Temple   | Became a worshipper of Warmaster Okawaru
  8015 | Temple   | Reached * piety under Okawaru
  8015 | Temple   | Reached ** piety under Okawaru
  8604 | D:7      | Reached skill level 1 in Invocations
  8606 | D:7      | Killed a polar bear
  8615 | D:7      | Reached skill level 5 in Invocations
  8621 | D:7      | Killed a polar bear
  8624 | D:7      | Killed a polar bear
  8627 | D:7      | Killed a polar bear
  8634 | D:7      | Killed a polar bear
  8638 | D:7      | Reached *** piety under Okawaru
  8639 | D:7      | Gained mutation: You have a tail ending in a sharp stinger.
                  | [demonic ancestry]
  8639 | D:7      | Reached XP level 10. HP: 50/79 MP: 9/13
  8953 | D:8      | Found a sand-covered staircase.
  8960 | Ossuary  | Entered an ossuary
  9388 | D:8      | Received a gift from Okawaru
  9394 | D:8      | Reached **** piety under Okawaru
  9400 | D:8      | Gained mutation: You are dopey. (Int -2) [a neqoxec]
  9465 | D:8      | Noticed a two-headed ogre
  9487 | D:8      | Killed a two-headed ogre
  9727 | D:8      | Identified the amulet "Tovunemu" {Faith rF++ rCorr Str+2}
  9732 | D:8      | Noticed a two-headed ogre
  9742 | D:8      | Killed a two-headed ogre
  9743 | D:8      | Reached XP level 11. HP: 44/86 MP: 12/15
  9930 | D:8      | Found a runed translucent door.
  9994 | D:8      | HP: 1/69 [wight/+2 halberd of freezing (3)]
  9996 | D:8      | Reached ***** piety under Okawaru
 10348 | D:8      | Received a gift from Okawaru
 10424 | D:8      | Found Teaphic's Fire Supplies.
 10653 | D:8      | Found a runed translucent door.
 10653 | D:8      | Noticed a brown ugly thing
 10653 | D:8      | Noticed a centaur warrior
 10662 | D:8      | Killed a brown ugly thing
 10668 | D:8      | Killed a centaur warrior
 11601 | D:9      | Reached skill level 1 in Slings
 11994 | D:9      | Identified the +0 pair of boots of Vumef {rPois rCorr Str+5
                  | Dex-3} (Okawaru gifted it to you on level 9 of the Dungeon)
 11994 | D:9      | Received a gift from Okawaru
 12232 | D:9      | Noticed a two-headed ogre
 12241 | D:9      | Killed a two-headed ogre
 12558 | D:10     | Entered Level 10 of the Dungeon
 12558 | D:10     | Noticed a two-headed ogre
 12632 | D:10     | Reached skill level 5 in Slings
 13753 | D:10     | Killed a two-headed ogre
 13754 | D:10     | Reached skill level 1 in Shields
 13870 | D:10     | Found Koonilya's Armour Boutique.
 13876 | D:10     | Bought a +0 helmet of intelligence for 126 gold pieces
 13910 | D:10     | Found a staircase to the Lair.
 15233 | D:11     | Gained mutation: You are mostly covered in thin metallic
                  | scales. (AC +3) [demonic ancestry]
 15233 | D:11     | Reached XP level 12. HP: 92/92 MP: 17/17
 15598 | D:11     | Noticed an eight-headed hydra
 15602 | D:11     | Killed a six-headed hydra
 15699 | D:11     | Found a staircase to the Orcish Mines.
 15979 | D:11     | Identified the +7 double sword of Gouzase {holy, Will+
                  | Int+3 Dex-2}
 16390 | D:12     | Noticed a boulder beetle
 16453 | D:11     | Slain by a boulder beetle

Illustrated notes

Levels and vault maps discovered:
D:1:      psy_arrival_statuary, layout_loops_ring, serial_shops, shop,
          hellmonk_ecumenical_altar_run_dry, kennysheep_another_room
D:2:      cheibrodos_helix_gallery, layout_basic, serial_shops, shop
D:3:      layout_basic, kennysheep_generic_room_8
D:4:      layout_layer_cave
D:5:      layout_loops_ring, kennysheep_little_box,
          gammafunk_temple_overflow_forgotten, minmay_misc_feat_tiny,
          minmay_pentangle
D:6:      nicolae_BIG_FREAKIN_CUBE, layout_basic
D:7:      lemuel_bear_cage, layout_loops_corners, temple_pool_b,
          nicolae_concentric_dashed_squares_wild
D:8:      minmay_the_grid_triangle_9x9_recursive_2
          [minmay_the_grid_triangle_9x9_prize_top_heavy,
          minmay_the_grid_triangle_9x9_descending_squares,
          minmay_the_grid_triangle_9x9_checkered,
          minmay_the_grid_triangle_9x9_tough_junction], layout_cave_pods,
          chequers_ossuary_entry_cave, nicolae_shop_fire_sale
          [nicolae_sub_dead_trees]
D:9:      cheibrodos_statue_roulette, layout_small_grid
D:10:     layout_basic, david_lair_shrubbed, serial_shops, shop_fountains
D:11:     minmay_weird_star, layout_basic, orc_0_dummy
D:12:     layout_loops_cross
Temple:   dpeg_five_rooms_temple

Skill      XL: |  1  2  3  4  5  6  7  8  9 10 11 |
---------------+----------------------------------+-----
Stealth        | 2 3 4 5 6 7 8 |  8.0
Long Blades    | 3 4 5 6 7 |  7.0
Dodging        | 3 4 5 6 7 |  7.0
Armour         | 1 2 3 4 5 6 7 |  7.0
Fighting       | 4 5 6 7 8 |  8.0
Evocations     | 2 3 4 |  4.0
Invocations    | 5 6 7 |  7.0
Slings         | 7 |  7.0
Shields        | 3 |  3.8

Action                   |  1- 3 |  4- 6 |  7- 9 | 10-12 || total
-------------------------+-------+-------+-------+-------++-------
Melee: Falchion          |   133 |   158 |       |       ||   291
       Punch             |     1 |     1 |       |       ||     2
       Great sword       |       |       |   217 |   193 ||   410
       Tailslap          |       |       |    35 |    84 ||   119
       Scimitar          |       |       |       |   227 ||   227
 Fire: Hunting sling     |       |       |       |   116 ||   116
       Hand crossbow     |       |       |       |     1 ||     1
Invok: Heroism           |       |       |     3 |    16 ||    19
  Use: Scroll            |     5 |     4 |     4 |    12 ||    25
       Potion            |       |     2 |       |     1 ||     3
 Stab: Sleeping          |     3 |     2 |     6 |    16 ||    27
       Invisible         |       |     3 |       |       ||     3
Armor: Robe              |     2 |       |       |       ||     2
       Ring mail         |    23 |       |       |       ||    23
       Scale mail        |    17 |    66 |    89 |    84 ||   256
       Skin              |       |       |    55 |    79 ||   134
Dodge: Dodged            |    79 |    72 |   160 |   265 ||   576
Block: Kite shield       |       |       |       |    96 ||    96

Table legend: (Time is in decaauts)
 A = Elapsed time spent in this place.
 B = Non-inter-level travel time spent in this place.
 C = Inter-level travel time spent in this place.
 D = Time resting spent in this place.
 E = Time spent auto-exploring this place.
 F = Levels seen in this place.
 G = Mean time per level.
                   A        B        C        D        E       F      G
               +--------+--------+--------+--------+--------+-----+--------+
         Total |  16761 |  15461 |   1300 |   1377 |  11280 |  14 | 1197.2 |
       Dungeon |  16182 |  14965 |   1217 |   1377 |  10931 |  12 | 1348.5 |
        Temple |    342 |    259 |     83 |      0 |    248 |   1 |  342.0 |
       Ossuary |    236 |    236 |      0 |      0 |    101 |   1 |  236.0 |
               +--------+--------+--------+--------+--------+-----+--------+

Top non-repeatable levels by time:
    D:10: 2365 daAuts
     D:8: 2228 daAuts
     D:5: 1812 daAuts
    D:11: 1534 daAuts
     D:4: 1472 daAuts
     D:7: 1387 daAuts
     D:9: 1324 daAuts
     D:1: 1179 daAuts
     D:2: 1107 daAuts
     D:6: 996 daAuts
     D:3: 766 daAuts
  Temple: 342 daAuts
 Ossuary: 236 daAuts
    D:12: 7 daAuts
